 Dungeon Crawl Stone Soup version 0.20-a0-967-g62cfa5d (webtiles) character file.

6150 4thArraOfDagon the Twirler (level 10, -15/77 HPs)
             Began as a Mummy Gladiator on Apr 6, 2017.
             Was a Believer of Makhleb.
             Shot with a bolt by a yaktaur (19 damage)
             ... on level 11 of the Dungeon on Apr 7, 2017.
             The game lasted 00:23:32 (8276 turns).

4thArraOfDagon the Twirler (Mummy Gladiator)        Turns: 8276, Time: 00:23:33

Health: -15/77     AC: 14    Str: 17    XL:     10   Next: 59%
Magic:  12/12      EV: 14    Int: 10    God:    Makhleb [**....]
Gold:   134        SH:  0    Dex: 15    Spells: 9/9 levels left

rFire    . . .     SeeInvis .   A - +6 lajatang of Reinforcement {pain, rC+ rN+}
rCold    + + +     Gourm    .   (shield currently unavailable)
rNeg     + + +     Faith    .   d - +1 ring mail {rF+}
rPois    ∞         Spirit   .   D - +2 helmet
rElec    .         Reflect  .   G - +2 cloak
rCorr    .         Harm     +   (no gloves)
MR       +....                  z - +0 pair of boots
Stlth    +.........             g - amulet of harm
Regen    0.3/turn               i - ring of protection from cold
MPRegen  0.2/turn               (no ring)

@: no status effects
A: no food or potions, fire vulnerability, cold resistance 1, negative energy
resistance 3, torment resistance, unbreathing
a: Minor Destruction, Renounce Religion


You were on level 11 of the Dungeon.
You worshipped Makhleb.
Makhleb was pleased with you.
You were not hungry.

You visited 2 branches of the dungeon, and saw 12 of its levels.
You also visited: Ossuary.

You collected 542 gold pieces.
You spent 408 gold pieces at shops.

Inventory:

Hand Weapons
 a - a +0 long sword
 j - a +0 mace
 l - a +1 trident of flaming
 q - a -1 quarterstaff
 A - the +6 lajatang of Reinforcement (weapon) {pain, rC+ rN+}
   (You bought it in a shop on level 4 of the Dungeon)

   In the hands of one skilled in necromantic magic, it inflicts extra damage on
   living creatures.
   It protects you from cold.
   It protects you from negative energy.
Armour
 b - a +0 leather armour
 c - a +0 helmet
 d - a +1 ring mail of fire resistance (worn)
 k - a +0 pair of boots
 x - a +3 scale mail
 z - a +0 pair of boots (worn)
 D - a +2 helmet (worn)
 F - a +1 robe of cold resistance
 G - a +2 cloak (worn)
Jewellery
 f - an uncursed amulet of guardian spirit
 g - an amulet of harm (around neck)
 i - a ring of protection from cold (left hand)
 s - a +3 ring of strength {unknown}
Wands
 e - a wand of disintegration (0/24)
 h - a wand of scattershot (0/9)
 n - a wand of polymorph (3/24)
 o - a wand of iceblast (5/15)
Scrolls
 m - 6 scrolls of amnesia
 t - 3 scrolls of teleportation {unknown}
 u - a scroll of random uselessness {unknown}
 v - a scroll of fear {unknown}
 y - a scroll of recharging {unknown}
 C - a scroll of remove curse
 E - a scroll of enchant weapon
Books
 p - a book of Flames

   Spells                             Type                      Level
   a - Flame Tongue                   Conjuration/Fire             1
   b - Throw Flame                    Conjuration/Fire             2
   c - Conjure Flame                  Conjuration/Fire             3
   d - Inner Flame                    Hexes/Fire                   3
   e - Sticky Flame                   Conjuration/Fire             4
   f - Fireball                       Conjuration/Fire             5
 r - a book of Maledictions

   Spells                             Type                      Level
   a - Corona                         Hexes                        1
   b - Ensorcelled Hibernation        Hexes/Ice                    2
   c - Confuse                        Hexes                        3
   d - Tukima's Dance                 Hexes                        3
   e - Dazzling Spray                 Conjuration/Hexes            3
 B - a book of Misfortune

   Spells                             Type                      Level
   a - Confusing Touch                Hexes                        1
   b - Confuse                        Hexes                        3
   c - Gell's Gravitas                Translocation                3
   d - Petrify                        Transmutation/Earth          4
   e - Metabolic Englaciation         Hexes/Ice                    5
   f - Yara's Violent Unravelling     Hexes/Transmutation          5


   Skills:
 + Level 6.8 Fighting
 - Level 5.4 Long Blades
 - Level 4.0(6.3) Polearms
 * Level 7.4(8.0) Staves
 - Level 1.5 Throwing
 + Level 4.4 Armour
 + Level 5.4 Dodging
 + Level 2.7 Invocations


You had 9 spell levels left.
You didn't know any spells.

Dungeon Overview and Level Annotations

Branches:
Dungeon (10/15)            Temple (1/1) D:6            Lair (0/6) D:9
    Orc: D:9-12

Altars:
Ashenzari
Cheibriados
Dithmenos
Elyvilon
Fedhas
Gozag
Hepliaklqana
Kikubaaqudgha
Makhleb
Nemelex Xobeh
Okawaru
Qazlal
Ru
Sif Muna
Trog
Uskayaw
Vehumet
Wu Jian
Yredelemnul
Zin
The Shining One

Shops:
D:4 ([*:*   D:7 ?   D:8 [

Annotations:
D:8 exclusion: downstairs
D:10 Erica


Innate Abilities, Weirdness & Mutations

You do not eat or drink.
Your flesh is vulnerable to fire.
You are immune to poison.
Your flesh is cold resistant. (rC+)
You are immune to negative energy. (rN+++)
You are immune to unholy pain and torment.
You can survive without breathing.


Message History

Your orange demon closely misses the red ugly thing.
Your orange demon hits the red ugly thing but does no damage.
Unknown command.
The red ugly thing trunk-slaps your orange demon.
Your orange demon is engulfed in flames!
Your orange demon dies!
Unknown command.
Okay, then.
Okay, then.
As you read the scroll of fog, it crumbles to dust.
The scroll dissolves into smoke.
Unknown command.
Unknown command.
Unknown command.
Unknown command.
Unknown command.
Unknown command.
Unknown command.
The yaktaur wields an arbalest.
The yaktaur shoots a bolt.
The bolt hits you!
You die... .... cc..

#o. ##c# #co# .
########c## ...
##§§§§§#)##
.....#####.§c§§§u.#
.......@...§§§§§..#
....#####...§§§§..##
. #.....§§§...#
##.......§...##
#.............#
#.............#
#.[....)......#
#.............##
#..............#


You could see a yaktaur.

Vanquished Creatures
  Fannar (D:10)
  A two-headed ogre (D:11)
  Maurice (D:10)
  2 hippogriffs
  Sigmund (D:2)
  2 wyverns (D:9)
  Eustachio (D:4)
  A steam dragon (D:9)
  An orc warrior (D:11)
  3 ice beasts
  3 sky beasts
  3 centaurs
  3 ogres
  2 crocodiles (D:9)
  4 bullfrogs
  2 scorpions
  A howler monkey (D:6)
  4 centaur zombies
  4 crimson imps
  3 bullfrog zombies
  3 hounds
  A quasit (D:5)
  3 orc priests
  2 jellies
  6 orc wizards
  7 bullfrog skeletons
  A centaur skeleton (D:4)
  An iron imp (D:6)
  Ijyb (D:3)
  Terence (D:2)
  5 worker ants
  An iguana (D:4)
  A killer bee zombie (D:8)
  2 ogre zombies (Ossuary)
  A hound zombie (D:8)
  2 hound skeletons
  7 mummies (Ossuary)
  16 adders
  2 worker ant zombies (D:5)
  A shadow imp (D:4)
  An ooze (D:7)
  2 adder zombies (Ossuary)
  2 worms
  3 dart slugs
  7 leopard geckos
  32 orcs
  6 giant cockroaches
  6 goblins
  7 hobgoblins
  4 jackals (D:4)
  4 quokkas
  A ball python (D:4)
  8 bats
  4 frilled lizards
  A gnoll zombie (Ossuary)
  3 goblin zombies (Ossuary)
  4 hobgoblin zombies (Ossuary)
  A jackal zombie (D:8)
  4 kobolds
  7 kobold zombies (Ossuary)
  A leopard gecko zombie (D:6)
  An orc zombie (Ossuary)
  3 quokka zombies (Ossuary)
  6 rats
  4 rat zombies (Ossuary)
229 creatures vanquished.

Notes
Turn   | Place    | Note
-------+----------+-------------------------------------------
     0 | D:1      | 4thArraOfDagon the Mummy Gladiator began the quest for the Orb.
     0 | D:1      | Reached XP level 1. HP: 16/16 MP: 1/1
    42 | D:1      | You fall through a shaft!
    64 | D:2      | Reached XP level 2. HP: 15/22 MP: 2/2
   170 | D:2      | Noticed Terence
   454 | D:2      | Killed Terence
   454 | D:2      | Reached XP level 3. HP: 23/27 MP: 3/3
   601 | D:3      | Noticed Ijyb
   615 | D:3      | Killed Ijyb
   615 | D:3      | Reached XP level 4. HP: 22/33 MP: 4/4
   639 | D:4      | Found Aresayl's Book Boutique.
   673 | D:4      | Reached skill level 5 in Long Blades
   673 | D:4      | Reached XP level 5. HP: 10/38 MP: 5/5
  1120 | D:4      | Found Joozuperch's Antique Weapon Boutique.
  1152 | D:4      | Found Ynimom's General Store.
  1160 | D:4      | Bought a scroll of identify for 28 gold pieces
  1174 | D:5      | Entered Level 5 of the Dungeon
  1174 | D:5      | Noticed a sky beast
  1227 | D:4      | Found Plog's Assorted Antiques.
  1300 | D:4      | Found Plog's Antique Armour Boutique.
  1401 | D:4      | Reached skill level 1 in Polearms
  1404 | D:4      | Reached XP level 6. HP: 44/44 MP: 6/6
  1435 | D:5      | Noticed Eustachio
  1557 | D:6      | Found a sand-covered staircase.
  1667 | D:6      | Found a snail-covered altar of Cheibriados.
  1682 | D:6      | Reached XP level 7. HP: 13/50 MP: 7/7
  1731 | Ossuary  | Entered an ossuary
  3090 | D:7      | Found Ofuy's Magic Scroll Shop.
  3256 | D:7      | Reached skill level 1 in Staves
  3383 | D:6      | Found a shadowy altar of Dithmenos.
  3413 | D:6      | Reached skill level 5 in Fighting
  3413 | D:6      | Reached XP level 8. HP: 62/62 MP: 8/8
  3484 | D:5      | Found an ancient bone altar of Kikubaaqudgha.
  3508 | D:6      | Found a staircase to the Ecumenical Temple.
  3517 | D:6      | Reached skill level 2 in Staves
  3527 | Temple   | Entered the Ecumenical Temple
  3551 | Temple   | Became a worshipper of Makhleb the Destroyer
  3631 | D:5      | Reached skill level 1 in Armour
  4286 | D:3      | Reached * piety under Makhleb
  4450 | D:2      | Reached skill level 3 in Staves
  4706 | D:2      | Noticed Sigmund
  4727 | D:2      | Killed Sigmund
  5638 | D:4      | Reached skill level 4 in Staves
  5731 | D:4      | Killed Eustachio
  5896 | D:5      | Reached XP level 9. HP: 35/68 MP: 9/9
  6173 | D:5      | Reached ** piety under Makhleb
  6544 | D:4      | Bought a twisted lajatang for 380 gold pieces
  6545 | D:4      | Identified the +6 lajatang of Reinforcement {pain, rC+ rN+} (You bought it in a shop on level 4 of the Dungeon)
  6733 | D:6      | Reached skill level 5 in Staves
  6900 | D:7      | Found a hazy altar of Hepliaklqana.
  7002 | D:8      | Noticed an enchanted hand axe
  7003 | D:8      | Noticed a hand axe
  7005 | D:8      | Found a hide-covered altar of Uskayaw.
  7107 | D:8      | Found Uludorag's Antique Armour Emporium.
  7152 | D:8      | Reached skill level 6 in Staves
  7282 | D:8      | Found a sparkling altar of Nemelex Xobeh.
  7282 | D:8      | Found an ornate altar of the Wu Jian Council.
  7316 | D:8      | Found a sacrificial altar of Ru.
  7450 | D:9      | Found an iron altar of Okawaru.
  7503 | D:9      | Noticed a two-headed ogre
  7509 | D:10     | Entered Level 10 of the Dungeon
  7509 | D:10     | Noticed Erica
  7545 | D:8      | Upgraded the game from 0.20-a0-959-gdc9e609 to 0.20-a0-967-g62cfa5d
  7807 | D:9      | Reached skill level 1 in Invocations
  7969 | D:9      | Reached XP level 10. HP: 71/76 MP: 10/10
  8040 | D:9      | Found a staircase to the Lair.
  8088 | D:10     | Reached skill level 5 in Dodging
  8144 | D:10     | Noticed Fannar
  8167 | D:10     | Killed Fannar
  8167 | D:10     | Reached *** piety under Makhleb
  8167 | D:10     | Reached skill level 7 in Staves
  8191 | D:10     | Noticed Maurice
  8207 | D:10     | Killed Maurice
  8220 | D:10     | You fall through a shaft!
  8226 | D:11     | Noticed a two-headed ogre
  8231 | D:11     | Killed a two-headed ogre
  8255 | D:11     | Noticed a red ugly thing
  8266 | D:11     | HP: 2/77 [red ugly thing (15)]
  8276 | D:11     | Shot with a bolt by a yaktaur

Vault maps used:
D:1:      grunt_arrival_crossed_arrows, nrook_mini_vaults
D:2:      uniq_sigmund, uniq_terence
D:3:      uniq_iyjb
D:4:      serial_shops, shop, shop, shop, nicolae_shop_trees, shop,
          patterned_corridor
D:5:      overflow_temple_1_default, first_bread, uniq_eustachio
D:6:      nicolae_dithmenos_shadow_blocks, slow_altar_2,
          minmay_temple_entry_statues_fountains, enter_ossuary_1
D:7:      lemuel_doored_altar, serial_shops, shop
D:8:      dancing_weapons_uskayaw, gammafunk_temple_overflow_elements,
          nicolae_ru_the_path_less_chosen, serial_shops, kennysheep_mini
D:9:      lemuel_crystal_altar, erik_lair_dragon, serial_shops,
          nicolae_shop_overgrown_old_shop
D:10:     uniq_erica, uniq_maurice, uniq_fannar
D:11:     david_orc_2
Temple:   cyrus_circular_temple
Ossuary:  ossuary_boxes_badplayer

Skill      XL: |  1  2  3  4  5  6  7  8  9 10 |
---------------+-------------------------------+-----
Long Blades    | 3 4 5 |  5.4
Polearms       | 1 3 4 |  4.0
Fighting       | 5 6 |  6.8
Staves         | 1 4 6 7 |  7.4
Armour         | 2 3 4 |  4.4
Dodging        | 3 4 5 |  5.4
Invocations    | 1 2 |  2.7
Throwing       | |  1.5

Action                   |  1- 3 |  4- 6 |  7- 9 | 10-12 || total
-------------------------+-------+-------+-------+-------++-------
Melee: Long sword        |    74 |    37 |       |       ||   111
       Trident           |       |    54 |   399 |       ||   453
       Quarterstaff      |       |       |    84 |       ||    84
       Lajatang          |       |       |    96 |    71 ||   167
Throw: Throwing net      |     4 |       |       |       ||     4
Invok: Lesser Servant of |       |       |       |     2 ||     2
Evoke: Wand              |     1 |     7 |     1 |       ||     9
  Use: Scroll            |     3 |     3 |     6 |     1 ||    13
 Stab: Held in net/web   |     3 |       |       |       ||     3
Armor: Leather armour    |     6 |       |       |       ||     6
       Ring mail         |     9 |    52 |   192 |    18 ||   271
Dodge: Dodged            |    42 |    66 |   317 |    27 ||   452
       Rpst.: Long sword |    14 |    10 |       |       ||    24
